 Dungeon Crawl Stone Soup version 0.25-a0-861-g340c9e8194 (webtiles) character file.

Game seed: 250720337137728908, levelgen mode: deterministic

95 kae the Insei (level 4, -1/32 HPs)
             Began as a Demonspawn Transmuter on Apr 29, 2020.
             Was an Initiate of Wu Jian.
             Slain by a hobgoblin
             ... wielding a +0 club
              (5 damage)
             ... on level 2 of the Dungeon.
             The game lasted 00:02:15 (2453 turns).

kae the Insei (Demonspawn Transmuter)               Turns: 2453, Time: 00:02:15

Health: -1/32      AC:  2    Str: 11    XL:     4   Next: 40%
Magic:  8/8        EV: 12    Int: 15    God:    Wu Jian [......]
Gold:   97         SH:  0    Dex: 13    Spells: 2/8 levels left

rFire    + + .     SeeInvis .     - Unarmed
rCold    . . .     Gourm    .   (no shield)
rNeg     . . .     Faith    .   b - +0 robe
rPois    .         Spirit   .   (no helmet)
rElec    .         Reflect  .   (no cloak)
rCorr    .         Harm     .   (no gloves)
MR       .....                  (no boots)
Stlth    +.........             (no amulet)
HPRegen  0.10/turn              g - ring of protection from fire
MPRegen  0.11/turn              (no ring)

@: no status effects
A: fire resistance 1
a: Renounce Religion


You were on level 2 of the Dungeon.
You worshipped Wu Jian.
Wu Jian was noncommittal.
You were hungry.

You visited 1 branch of the dungeon, and saw 3 of its levels.

You collected 97 gold pieces.

Inventory:

Missiles
 a - 53 arrows
Armour
 b - a +0 robe (worn)
Jewellery
 g - a ring of protection from fire (left hand)
Scrolls
 e - a scroll of remove curse
Potions
 c - 3 potions of curing {unknown}
 h - a potion of resistance {unknown}
 i - a potion of degeneration {unknown}
 l - a potion of heal wounds {unknown}
 m - a potion of might
Comestibles
 d - 3 rations


   Skills:
 - Level 1.0 Fighting
 - Level 1.7 Dodging
 * Level 3.8 Unarmed Combat
 + Level 2.7 Spellcasting
 + Level 2.6 Transmutations


You had 2 spell levels left.
You knew the following spells:

 Your Spells              Type           Power        Failure   Level  Hunger
a - Beastly Appendage     Tmut           #.....       7%          1    #......
b - Sticks to Snakes      Tmut           #.......     11%         2    ##.....
c - Spider Form           Tmut/Pois      #.........   34%         3    ###....

Your spell library contained the following spells:

 Spells                   Type           Power        Failure   Level  Hunger
 Ice Form                 Ice/Tmut       #.......     75%         4    #####..
 Blade Hands              Tmut           #.........   89%         5    ######.


Dungeon Overview and Level Annotations

Branches:
Dungeon (3/15)

Altars:
Wu Jian
The Shining One


Innate Abilities, Weirdness & Mutations

Your flesh is heat resistant. (rF+)


Message History

The gnoll hits you with a +4 spear!
The gnoll shaman calls upon its god to heal the gnoll.
The gnoll's wounds heal themselves!
Okay, then.
Okay, then.
You lunge at the gnoll shaman.
You hit the gnoll shaman.
The gnoll shaman is moderately wounded.
The gnoll misses you.
The gnoll shaman hits you with a +0 club!
The hobgoblin barely misses you. The gnoll hits you with a +4 spear!
* * * LOW HITPOINT WARNING * * *
There is a stone staircase leading up here.
The hobgoblin hits you with a +0 club.
* * * LOW HITPOINT WARNING * * *
The gnoll shaman invokes the aid of its god against you.
You resist with some effort. The orc hits you but does no damage.
You climb upwards.
There is a stone staircase leading down here.
The gnoll barely misses you. The hobgoblin hits you with a +0 club.
You die...

#.# ########.#####.##.# ### ##.#
##.......##.# ..# #..#
##...#######.# #.###.###
##.....## #.###### #.#.._..##
##.......## #......#
..#.#.#..####.........####...##.#
............'.........'.......#.#
..###....####.........####...#...
#.......## ##og@....## ##.#..)#
#..##.#.# ##>g...## ###..##
...##...# ##g..## #..# ##.####.#
##'## #..## #.# #.# #.# #....
#.####.# #.# #.### #......#
####.### #.# ######.# #......#
######.# #.# #......# #......#


You could see a gnoll shaman, a gnoll, an orc and a hobgoblin.

Vanquished Creatures
  4 gnolls (D:2)
  An adder (D:2)
  2 dart slugs (D:1)
  2 leopard geckos (D:1)
  3 giant cockroaches
  6 goblins
  5 hobgoblins
  5 kobolds
  A quokka (D:2)
  3 bats
  6 frilled lizards
  5 rats
43 creatures vanquished.

Notes
Turn   | Place    | Note
-------+----------+-------------------------------------------
     0 | D:1      | kae the Demonspawn Transmuter began the quest for the Orb.
     0 | D:1      | Reached XP level 1. HP: 15/15 MP: 3/3
   140 | D:1      | Reached skill level 3 in Unarmed Combat
   149 | D:1      | Gained mutation: Your flesh is heat resistant. (rF+)
                  | [demonic ancestry]
   149 | D:1      | Reached XP level 2. HP: 15/21 MP: 3/5
  1186 | D:2      | Reached XP level 3. HP: 15/26 MP: 4/6
  1190 | D:2      | Learned a level 2 spell: Sticks to Snakes
  1424 | D:1      | Learned a level 3 spell: Spider Form
  1586 | D:2      | Reached XP level 4. HP: 32/32 MP: 0/7
  1678 | D:2      | Found a glowing golden altar of the Shining One.
  1700 | D:2      | Found an ornate altar of the Wu Jian Council.
  2401 | D:2      | Became a worshipper of the Wu Jian Council
  2453 | D:2      | Slain by a hobgoblin

Levels and vault maps discovered:
D:1:      dpeg_arrival_boxes_within_box, layout_basic,
          hangedman_abyss_or_decor_lesser_grid
D:2:      layout_loops_corners, lemuel_doored_altar, lemuel_crystal_altar,
          patterned_corridor
D:3:      layout_basic, lemuel_crystal_altar, hangedman_decor_growths

Skill      XL: |  1 |
---------------+----+-----
Unarmed Combat | 3 |  3.8
Transmutations | 2 |  2.6
Fighting       | |  1.0
Dodging        | |  1.7
Spellcasting   | |  2.7

Action                   |  1- 3 |  4- 6 || total
-------------------------+-------+-------++-------
Melee: Unarmed           |    94 |    51 ||   145
       Kick              |    10 |     5 ||    15
       Headbutt          |       |     2 ||     2
 Cast: Beastly Appendage |    10 |     8 ||    18
       Spider Form       |     2 |       ||     2
Invok: Lunge             |       |     4 ||     4
  Use: Scroll            |     2 |     4 ||     6
 Stab: Sleeping          |       |     1 ||     1
  Eat: Chunk             |     2 |     3 ||     5
Armor: Robe              |     7 |    10 ||    17
Dodge: Dodged            |    58 |    40 ||    98

Table legend:
 A = Non-vault XP
 B = Vault XP
 C = Vault XP percentage of total XP
 D = Non-vault monster count
 E = Vault monster count
 F = Vault count percentage of total count
                 A         B        C        D         E       F
            +---------+---------+-------+---------+---------+-------
      Total |     137 |       0 |   0.0 |      43 |       0 |   0.0
            +---------+---------+-------+---------+---------+-------
        D:1 |      38 |       0 |   0.0 |      20 |       0 |   0.0
        D:2 |      95 |       0 |   0.0 |      21 |       0 |   0.0
        D:3 |       4 |       0 |   0.0 |       2 |       0 |   0.0
            +---------+---------+-------+---------+---------+-------
